 Dungeon Crawl Stone Soup version 0.22-a0-161-g198051c (webtiles) character file.

96 b5mith the Poker (level 4, -6/37 HPs)
             Began as a Human Berserker on Feb 10, 2018.
             Was a Believer of Trog.
             Killed by divine providence
             ... invoked by an orc priest
              (12 damage)
             ... on level 2 of the Dungeon.
             The game lasted 00:07:38 (1858 turns).

b5mith the Poker (Human Berserker)                  Turns: 1858, Time: 00:07:39

Health: -6/37      AC:  5    Str: 18    XL:     4   Next: 98%
Magic:  4/4        EV: 11    Int:  8    God:    Trog [**....]
Gold:   44         SH:  0    Dex: 12    Spells: 3/3 levels left

rFire    . . .     SeeInvis .   a - +0 spear
rCold    . . .     Gourm    .   (no shield)
rNeg     . . .     Faith    .   l - +0 ring mail
rPois    .         Spirit   .   (no helmet)
rElec    .         Reflect  .   (no cloak)
rCorr    .         Harm     .   (no gloves)
MR       .....                  (no boots)
Stlth    +.........             (no amulet)
HPRegen  0.12/turn              (no ring)
MPRegen  0.09/turn              (no ring)

@: no status effects
A: no striking features
a: Berserk, Trog's Hand, Burn Spellbooks, Renounce Religion


You were on level 2 of the Dungeon.
You worshipped Trog.
Trog was pleased with you.
You were not hungry.

You visited 1 branch of the dungeon, and saw 2 of its levels.

You collected 44 gold pieces.

Inventory:

Hand Weapons
 a - a +0 spear (weapon)
 o - a +0 hunting sling
Missiles
 i - 18 bolts
 k - 26 arrows
 n - 29 stones (quivered)
Armour
 b - a +0 animal skin
 l - a +0 ring mail (worn)
Scrolls
 d - a scroll of identify {unknown}
 f - a scroll of random uselessness {unknown}
 g - 2 scrolls of teleportation {unknown}
 h - a scroll of blinking
 j - a scroll of amnesia {unknown}
 m - a scroll of enchant armour {unknown}
Potions
 e - a potion of cancellation
Comestibles
 c - 3 rations


   Skills:
 + Level 3.9 Fighting
 + Level 4.0 Polearms
 + Level 0.6 Throwing
 + Level 2.2 Armour
 + Level 2.4 Dodging
 + Level 0.2 Stealth


You had 3 spell levels left.
You didn't know any spells.

Dungeon Overview and Level Annotations

Branches:
Dungeon (2/15)

Altars:


Message History

You are too injured to fight recklessly!
You are too injured to fight recklessly!
You closely miss the orc.
The orc is heavily wounded.
The orc hits you.
You closely miss the orc.
The orc is heavily wounded.
The orc hits you but does no damage.
The orc priest invokes the aid of Beogh against you.
Beogh smites you!
* * * LOW HITPOINT WARNING * * *
Your ring mail prevents you from hitting the orc.
The orc is heavily wounded.
The orc hits you.
* * * LOW HITPOINT WARNING * * *
The orc priest calls upon Beogh to heal the orc.
The orc's wounds heal themselves!
The orc priest invokes the aid of Beogh against you.
Beogh smites you!
You die...

#.....# #.###.### #.
#...# # #.#.# ##
...#.# #. #####.# #.
####.#
##o########....#######
#.ooo.o@.............#
#.(########.########.#
#.. #.# ...( #.# ###.o
#.#


#oo #.# #.. #.# #.. #.# ..# You could see 2 orc priests and 3 orcs.

Vanquished Creatures
  3 adders (D:2)
  2 worms (D:2)
  2 dart slugs
  A leopard gecko (D:2)
  2 ball pythons (D:1)
  2 giant cockroaches
  7 goblins
  8 hobgoblins
  5 jackals (D:1)
  5 kobolds
  A quokka (D:2)
  7 bats
  A frilled lizard (D:1)
  5 rats
51 creatures vanquished.

Notes
Turn   | Place    | Note
-------+----------+-------------------------------------------
     0 | D:1      | b5mith the Human Berserker began the quest for the Orb.
     0 | D:1      | Reached XP level 1. HP: 18/18 MP: 1/1
    77 | D:1      | Reached XP level 2. HP: 14/24 MP: 2/2
   793 | D:1      | Reached XP level 3. HP: 24/29 MP: 3/3
  1449 | D:2      | Reached XP level 4. HP: 29/37 MP: 4/4
  1505 | D:2      | Reached ** piety under Trog
  1704 | D:2      | Reached skill level 4 in Polearms
  1858 | D:2      | Killed from afar by an orc priest

Vault maps used:
D:1:      onia_arrival_handbag, roderic_roman_lattice
D:2:      first_ration, dk_xom_monty_hall, uniq_natasha

Skill      XL: |  1  2  3  4 |
---------------+-------------+-----
Polearms       | 4 |  4.0
Fighting       | |  3.9
Throwing       | |  0.6
Armour         | |  2.2
Dodging        | |  2.4
Stealth        | |  0.2

Action                   |  1- 3 |  4- 6 || total
-------------------------+-------+-------++-------
Melee: Spear             |   164 |    93 ||   257
Throw: Stone             |     7 |    40 ||    47
  Use: Potion            |     1 |       ||     1
       Scroll            |       |     1 ||     1
 Stab: Sleeping          |     1 |       ||     1
  Eat: Ration            |     1 |       ||     1
Armor: Animal skin       |    25 |       ||    25
       Ring mail         |     6 |    23 ||    29
Dodge: Dodged            |    87 |    37 ||   124

Table legend:
 A = Spawn XP
 B = Non-spawn XP
 C = Spawn XP percentage of total XP
 D = Spawn monster count
 E = Non-spawn monster count
 F = Spawn count percentage of total count
 G = Total turns spent on level
                    A         B        C        D         E        F      G
               +---------+---------+-------+---------+---------+-------+---------
         Total |       0 |     138 |   0.0 |       0 |      51 |   0.0 |  1858
               +---------+---------+-------+---------+---------+-------+---------
           D:1 |       0 |      60 |   0.0 |       0 |      33 |   0.0 |  1438
           D:2 |       0 |      78 |   0.0 |       0 |      18 |   0.0 |   420
               +---------+---------+-------+---------+---------+-------+---------
